 Dungeon Crawl Stone Soup version 0.31-a0-1529-g7bd419a0e5 (webtiles) character file.

Game seed: 3055119571775270573

1766 pokeman the Thaumaturge (level 8, 0/43 (44) HPs)
             Began as a Deep Elf Hedge Wizard on Dec 31, 2023.
             Slain by a wight
             ... wielding a +4 long sword of freezing
              (1 damage)
             ... on level 7 of the Dungeon.
             The game lasted 00:12:20 (5786 turns).

pokeman the Thaumaturge (Deep Elf Hedge Wizard)     Turns: 5786, Time: 00:12:21

HP:   0/43 (44)     AC:  3    Str:  7    XL:     8   Next: 79%
MP:   22/34         EV: 13    Int: 22    God:
Gold: 267           SH:  0    Dex: 14    Spells: 21/29 levels left

rFire   + . .        g - +2 whip (elec)
rCold   . . .        (no shield)
rNeg    . . .        b - +0 robe
rPois   .            c - +0 hat
rElec   .            (no cloak)
rCorr   .            t - +0 pair of gloves
SInv    .            (no boots)
Will    .....        (no amulet)
Stlth   ++           a - ring of magical power
HPRegen 0.27/turn    y - ring of protection from fire
MPRegen 0.24/turn

%: no passive effects
@: lightly drained
A: no striking features
a: no special abilities


You were on level 7 of the Dungeon.
You visited 1 branch of the dungeon, and saw 7 of its levels.

You collected 267 gold pieces.

Inventory:

Hand Weapons
 g - a +2 whip of electrocution (weapon)
 z - a +0 flail of venom
Missiles
 w - 2 throwing nets
Armour
 b - a +0 robe (worn)
 c - a +0 hat (worn)
 t - a +0 pair of gloves (worn)
Jewellery
 a - a ring of magical power (left hand)
 r - a ring of positive energy
 y - a ring of protection from fire (right hand)
 A - a ring of protection from cold
Wands
 D - a wand of flame (26)
Scrolls
 e - 8 scrolls of identify {unknown}
 h - a scroll of amnesia {unknown}
 i - a scroll of fear {unknown}
 j - a scroll of blinking {unknown}
 k - 2 scrolls of revelation {unknown}
 o - a scroll of noise {unknown}
 u - a scroll of poison {unknown}
 v - 2 scrolls of enchant weapon {unknown}
 C - a scroll of summoning {unknown}
Potions
 d - a potion of magic
 f - 3 potions of enlightenment {unknown}
 l - a potion of might {unknown}
 m - a potion of resistance {unknown}
 n - 2 potions of mutation {unknown}
 p - a potion of curing {unknown}
 q - 4 potions of degeneration {unknown}
 s - a potion of attraction {unknown}
 x - 2 potions of lignification {unknown}
 B - a potion of brilliance {unknown}
 E - a potion of heal wounds {unknown}
 F - 2 potions of berserk rage {unknown}


   Skills:
 - Level 2.0 Fighting
 + Level 3.6 Armour
 - Level 3.0 Dodging
 - Level 3.0 Stealth
 * Level 11.0 Spellcasting
 + Level 6.0 Conjurations
 - Level 1.1 Summonings
 - Level 1.1 Translocations
 - Level 1.0 Air Magic
 - Level 1.0 Alchemy
 - Level 1.0 Evocations


You had 21 spell levels left.
You knew the following spells:

 Your Spells              Type           Power      Damage    Failure   Level
a - Magic Dart            Conj           100%       1d8       1%          1
b - Mephitic Cloud        Conj/Alch/Air  23%        N/A       5%          3
c - Call Imp              Summ           32%        N/A       5%          2
d - Blink                 Tloc           32%        N/A       5%          2

Your spell library contained the following spells:

 Spells                   Type           Power      Damage    Failure   Level
 Slow                     Hex            48%        N/A       5%          1
 Cigotuvi's Dreadful Rot  Necr/Alch/Air  30%        N/A       6%          2
 Sublimation of Blood     Necr           12%        N/A       9%          2
 Volatile Blastmotes      Fire/Tloc      28%        2d12      13%         3
 Fulminant Prism          Conj/Alch      13%        3d9       13%         4
 Iskenderun's Mystic Bla  Conj/Tloc      27%        2d7       13%         4
 Olgreb's Toxic Radiance  Alch           16%        N/A       34%         4
 Ozocubu's Refrigeration  Ice            6%         4d8       100%        7
 Summon Hydra             Summ           8%         N/A       100%        7
 Discord                  Hex            6%         N/A       100%        8


Dungeon Overview and Level Annotations

Branches:
Dungeon (7/15)
 Temple: D:4-7

Altars:
Cheibriados
Dithmenos
Elyvilon
Gozag
Xom

Annotations:
D:5 2 transporters


Message History

Confirm with . or Enter, or press ? or * to list all spells.
You blink.
Your cerulean imp completely misses the wight.
Your cerulean imp barely misses the wight.
Your cerulean imp barely misses the wight.
You feel ready to blink again.
Your cerulean imp hits the wight but does no damage.
Your cerulean imp barely misses the wight.
Your cerulean imp closely misses the wight.
Your cerulean imp hits the wight from afar with a -3 spear.
Your cerulean imp hits the wight but does no damage.
Casting: Blink (safe; 5% risk of failure)
Confirm with . or Enter, or press ? or * to list all spells.
Aiming: Magic Dart (safe; 1% risk of failure)
Press: ? - help, Shift-Dir - straight line, f/p - wight
Aim: a wight, wielding a +4 long sword of freezing and wearing a +0 robe (heavily damaged, ally target, 100% to hit)
The magic dart hits the wight but does no damage.
The wight is heavily damaged.
Your cerulean imp hits the wight but does no damage.
Casting: Magic Dart (safe; 1% risk of failure)
Confirm with . or Enter, or press ? or * to list all spells.
Aiming: Magic Dart (safe; 1% risk of failure)
Press: ? - help, Shift-Dir - straight line, f/p - wight
Aim: a wight, wielding a +4 long sword of freezing and wearing a +0 robe (heavily damaged, ally target, 100% to hit)
The magic dart hits the wight but does no damage.
The wight is heavily damaged.
Unknown command.
You hit the wight but do no damage.
The wight is heavily damaged.
The wight hits you with a +4 long sword of freezing.
* * * LOW HITPOINT WARNING * * *
The wight freezes you.
* * * LOW HITPOINT WARNING * * *
Your cerulean imp hits the wight but does no damage.
The wight hits you with a +4 long sword of freezing!
* * * LOW HITPOINT WARNING * * *
You feel drained.
* * * LOW HITPOINT WARNING * * *
The wight freezes you.
You die...

#.....†...#
#.....†...#####
########......#
#......#
#......#
#.5....#
##......###
#..z.......
#..@.......
#..........
#..........
#..........
#..........
#..........
###########


You could see a wight (ally target) and a friendly cerulean imp (summoned).

Vanquished Creatures
  3 yaks (D:7)
  Duvessa (D:7)
  An orc warrior (D:7)
  A sky beast (D:7)
  An ogre (D:7)
  4 phantoms
  2 scorpions
  Dowan (D:7)
  A wight (D:7)
  A bombardier beetle (D:4)
  A hound (D:4)
  An orc priest (D:4)
  An iguana (D:5)
  4 orc wizards
  3 gnolls (D:3)
  4 adders
  A white imp (D:5)
  2 ufetubi (D:5)
  A dart slug (D:1)
  2 ribbon worms (D:4)
  22 orcs
  5 endoplasms
  4 giant cockroaches
  8 goblins
  7 hobgoblins
  8 jackals
  9 kobolds
  3 quokkas
  5 ball pythons
  4 bats
  3 frilled lizards
  7 rats
  A spectral hobgoblin (D:3)
122 creatures vanquished.

Vanquished Creatures (collateral kills)
  An iguana (D:4)
1 creature vanquished.

Grand Total: 123 creatures vanquished

Notes
Turn   | Place    | Note
-------+----------+-------------------------------------------
     0 | D:1      | pokeman the Deep Elf Hedge Wizard began the quest for the
                  | Orb.
     0 | D:1      | Reached XP level 1. HP: 10/10 MP: 7/7
   168 | D:1      | Reached XP level 2. HP: 16/16 MP: 1/9
   488 | D:1      | Reached skill level 5 in Spellcasting
   701 | D:1      | Reached XP level 3. HP: 20/20 MP: 11/11
   705 | D:1      | Learned a level 3 spell: Mephitic Cloud
   708 | D:1      | Learned a level 2 spell: Call Imp
   711 | D:1      | Learned a level 2 spell: Blink
  1217 | D:2      | Reached skill level 1 in Fighting
  1608 | D:2      | Reached skill level 1 in Armour
  1972 | D:2      | Reached XP level 4. HP: 25/25 MP: 13/13
  2111 | D:3      | Found a white marble altar of Elyvilon.
  2270 | D:3      | Found a faded altar of an unknown god.
  2853 | D:3      | Found an opulent altar of Gozag.
  3060 | D:4      | Reached skill level 6 in Spellcasting
  3060 | D:4      | Reached XP level 5. HP: 29/29 MP: 15/15
  3388 | D:4      | Reached skill level 1 in Alchemy
  3549 | D:4      | Reached skill level 1 in Air Magic
  3549 | D:4      | Reached XP level 6. HP: 34/34 MP: 17/17
  3646 | D:4      | Reached skill level 7 in Spellcasting
  3790 | D:4      | Found a shimmering altar of Xom.
  4215 | D:4      | Reached XP level 7. HP: 8/39 MP: 16/20
  4635 | D:5      | Entered Level 5 of the Dungeon
  4659 | D:5      | Found a transporter.
  4712 | D:5      | Found a transporter.
  4753 | D:5      | Found a snail-covered altar of Cheibriados.
  4755 | D:5      | Found a shadowy altar of Dithmenos.
  4771 | D:5      | Reached skill level 8 in Spellcasting
  5229 | D:5      | You fall into a shaft and drop 2 floors!
  5276 | D:7      | Reached skill level 1 in Evocations
  5416 | D:7      | Noticed Duvessa
  5428 | D:7      | Noticed Dowan
  5438 | D:7      | Killed Duvessa
  5439 | D:7      | Reached skill level 9 in Spellcasting
  5439 | D:7      | Reached XP level 8. HP: 18/44 MP: 23/23
  5446 | D:7      | Killed Dowan
  5456 | D:7      | Reached skill level 5 in Conjurations
  5599 | D:7      | Reached skill level 10 in Spellcasting
  5755 | D:7      | Reached skill level 11 in Spellcasting
  5786 | D:7      | HP: 2/44 [wight/+4 long sword of freezing (7)]
  5786 | D:7      | Slain by a wight

Illustrated notes

Levels and vault maps discovered:
D:1:      tarquinn_simple_flora_water_a, layout_rooms
D:2:      layout_basic, minmay_crystal_room
D:3:      layout_basic, elyvilon_altar_4, nicolae_gozag_seed_capital,
          dreamdust_ecumenical_altar_drowned_temple,
          chequers_serial_rivers_room_a, kennysheep_generic_room_8
D:4:      layout_cave_pods, xom_teletrap_fun
D:5:      gammafunk_wand_slinger, layout_rooms, mainiacjoe_overflow_big_doors,
          minmay_temple_entry_wispy
D:6:      layout_cave_pools
D:7:      layout_gridville, nicolae_qazlal_scattered_showers, uniq_duvessa,
          uniq_maggie

Skill      XL: |  1  2  3  4  5  6  7  8 |
---------------+-------------------------+-----
Spellcasting   | 5 6 7 9 11 | 11.0
Fighting       | 1 2 |  2.0
Conjurations   | 2 3 4 6 |  6.0
Armour         | 1 2 3 |  3.6
Dodging        | 3 |  3.0
Alchemy        | 1 |  1.0
Stealth        | 3 |  3.0
Air Magic      | 1 |  1.0
Evocations     | 1 |  1.0
Summonings     | |  1.1
Translocations | |  1.1

Action                     |  1- 3 |  4- 6 |  7- 9 || total
---------------------------+-------+-------+-------++-------
  Melee: Dagger            |     8 |       |       ||     8
         Whip              |    19 |    31 |     3 ||    53
         Flail             |       |     5 |    71 ||    76
         Punch             |       |       |     1 ||     1
   Cast: Magic Dart        |    99 |   148 |    82 ||   329
         Mephitic Cloud    |       |     8 |    13 ||    21
         Call Imp          |       |     2 |     5 ||     7
         Blink             |       |     2 |     5 ||     7
   Stab: Confused          |       |     1 |     3 ||     4
         Sleeping          |       |       |     1 ||     1
 Armour: Robe              |    23 |    32 |    54 ||   109
  Dodge: Dodged            |    30 |    37 |    44 ||   111

Table legend: (Time is in decaauts)
 A = Elapsed time spent in this place.
 B = Non-inter-level travel time spent in this place.
 C = Inter-level travel time spent in this place.
 D = Time resting spent in this place.
 E = Time spent auto-exploring this place.
 F = Levels seen in this place.
 G = Mean time per level.
                   A        B        C        D        E       F      G
               +--------+--------+--------+--------+--------+-----+--------+
         Total |   5822 |   5730 |     92 |    112 |   4700 |   7 |  831.7 |
       Dungeon |   5822 |   5730 |     92 |    112 |   4700 |   7 |  831.7 |
               +--------+--------+--------+--------+--------+-----+--------+

Top non-repeatable levels by time:
     D:4: 1586 daAuts
     D:1: 1034 daAuts
     D:3: 1012 daAuts
     D:2: 1009 daAuts
     D:5: 598 daAuts
     D:7: 576 daAuts
     D:6: 3 daAuts
